 Dungeon Crawl Stone Soup version 0.28-a0-69-g49dcd67cf8 (webtiles) character file.

Game seed: 10189457428454836897

72 mcsnuffy the Conjurer (level 4, -2/24 HPs)
             Began as a Tengu Conjurer on July 31, 2021.
             Slain by a white imp (4 damage)
             ... on level 2 of the Dungeon.
             The game lasted 00:04:08 (1966 turns).

mcsnuffy the Conjurer (Tengu Conjurer)              Turns: 1966, Time: 00:04:09

Health: -2/24      AC:  2    Str:  7    XL:     4   Next: 25%
Magic:  7/11       EV: 12    Int: 19    God:
Gold:   121        SH:  0    Dex: 13    Spells: 8/11 levels left

rFire   . . .      SeeInvis .   e - +0 dagger
rCold   . . .      Faith    .   (no shield)
rNeg    . . .      Spirit   .   a - +0 robe
rPois   .          Reflect  .   (helmet restricted)
rElec   .          Harm     .   (no cloak)
rCorr   .          Rampage  .   (no gloves)
Will    .....                   (boots unavailable)
Stlth   ++........              (no amulet)
HPRegen 0.08/turn               (no ring)
MPRegen 0.12/turn               (no ring)

@: no status effects
A: beak, talons 3
a: no special abilities


You were on level 2 of the Dungeon.
You visited 1 branch of the dungeon, and saw 3 of its levels.

You collected 121 gold pieces.


Innate Abilities, Weirdness & Mutations

You have a beak for a mouth.
You have claws for feet.


   Skills:
 - Level 2.1 Dodging
 - Level 2.0 Stealth
 - Level 4.0 Spellcasting
 + Level 5.5 Conjurations


You had 8 spell levels left.
You knew the following spells:

 Your Spells              Type           Power      Damage    Failure   Level
m - Magic Dart            Conj           96%        1d7       1%          1
s - Searing Ray           Conj           48%        3d5       2%          2

Your spell library contained the following spells:

 Spells                   Type           Power      Damage    Failure   Level
 Dazzling Flash           Conj/Hex       28%        N/A       13%         3
 Fulminant Prism          Conj/Hex       7%         3d7       41%         4
 Iskenderun's Mystic Bla  Conj/Tloc      14%        2d5       41%         4

Inventory:

Hand Weapons
 e - a +0 dagger (weapon)
Armour
 a - a +0 robe (worn)
Scrolls
 b - 4 scrolls of fear {unknown}
 c - 2 scrolls of identify {unknown}
 g - a scroll of enchant weapon {unknown}
Potions
 d - 2 potions of magic {unknown}
 f - a potion of curing {unknown}
 h - a potion of attraction {unknown}

Dungeon Overview and Level Annotations

Branches:
Dungeon (3/15)

Altars:

Annotations:
D:1 exclusion: downstairs
D:3 Sigmund

#...###.###.# #....#
#.#...#.#...# #....#
..#...#.#.#.# #....#
###.#.....#.## #....#
###.#####.#..###....#
....# ###...........#
[######....#..##....#
........##.##.##l<..#
.#########.##.##@5..#
..# #..#.##....#
#.### ##.#[#######
#...#######.#...#
###....).##.#...# #
######.##.#†..# ##
#.##.#...# .##
#........# ..##
#####....#


You could see a white imp and a frilled lizard.


Message History

The magic dart hits the white imp.
The white imp is heavily wounded.
The white imp gestures at you. The puff of frost hits you!
* * * LOW HITPOINT WARNING * * *
The frilled lizard bites you.
* * * LOW HITPOINT WARNING * * *
Casting: Magic Dart (safe; 1% risk of failure)
Confirm with . or Enter, or press ? or * to list all spells.
Aiming: Magic Dart (safe; 1% risk of failure)
Press: ? - help, Shift-Dir - straight line, f/p - white imp
Aim: a white imp (heavily wounded, 100% to hit)
The magic dart hits the white imp.
The white imp is severely wounded.
The white imp hits you.
* * * LOW HITPOINT WARNING * * *
The white imp freezes you.
* * * LOW HITPOINT WARNING * * *
The frilled lizard closely misses you.
Casting: Magic Dart (safe; 1% risk of failure)
Confirm with . or Enter, or press ? or * to list all spells.
Aiming: Magic Dart (safe; 1% risk of failure)
Press: ? - help, Shift-Dir - straight line, f/p - white imp
Aim: a white imp (severely wounded, 100% to hit)
The magic dart hits the white imp.
The white imp is severely wounded.
The white imp hits you.
* * * LOW HITPOINT WARNING * * *
The white imp freezes you.
You die...

Skill      XL: |  1  2  3  4 |
---------------+-------------+-----
Spellcasting   | 3 4 |  4.0
Dodging        | |  2.1
Stealth        | |  2.0
Conjurations   | |  5.5

Action                   |  1- 3 |  4- 6 || total
-------------------------+-------+-------++-------
Melee: Unarmed           |     5 |       ||     5
       Dagger            |     2 |       ||     2
       Peck              |     1 |       ||     1
 Cast: Magic Dart        |    66 |     9 ||    75
Armor: Robe              |     4 |     1 ||     5
Dodge: Dodged            |    11 |     1 ||    12

Levels and vault maps discovered:
D:1:      pf_arrival_petrified_forest, layout_basic,
          hellmonk_ecumenical_altar_leap_of_faith
D:2:      layout_rooms, grunt_decor_cap
D:3:      layout_rooms, nicolae_overflow_hidden_temple, minmay_door_square,
          uniq_sigmund, uniq_natasha

Notes
Turn   | Place    | Note
-------+----------+-------------------------------------------
     0 | D:1      | mcsnuffy the Tengu Conjurer began the quest for the Orb.
     0 | D:1      | Reached XP level 1. HP: 10/10 MP: 4/4
   402 | D:1      | Reached XP level 2. HP: 15/15 MP: 2/6
   749 | D:1      | Reached skill level 3 in Spellcasting
   994 | D:1      | Found a faded altar of an unknown god.
  1008 | D:1      | Reached XP level 3. HP: 19/19 MP: 5/8
  1678 | D:2      | Reached XP level 4. HP: 24/24 MP: 7/10
  1681 | D:2      | Reached skill level 4 in Spellcasting
  1841 | D:2      | Learned a level 2 spell: Searing Ray
  1961 | D:3      | Noticed Sigmund
  1966 | D:2      | HP: 2/24 [white imp (4)]
  1966 | D:2      | Slain by a white imp

Vanquished Creatures
  3 adders (D:2)
  A worm (D:2)
  4 ball pythons
  4 endoplasms (D:1)
  A giant cockroach (D:2)
  4 goblins (D:2)
  7 hobgoblins
  2 quokkas
  7 bats
  2 frilled lizards
  3 kobolds (D:1)
  3 rats
41 creatures vanquished.

Table legend: (Time is in decaauts)
 A = Elapsed time spent in this place.
 B = Non-inter-level travel time spent in this place.
 C = Inter-level travel time spent in this place.
 D = Time resting spent in this place.
 E = Time spent auto-exploring this place.
 F = Levels seen in this place.
 G = Mean time per level.
                   A        B        C        D        E       F      G
               +--------+--------+--------+--------+--------+-----+--------+
         Total |   1966 |   1899 |     67 |    253 |   1436 |   3 |  655.3 |
       Dungeon |   1966 |   1899 |     67 |    253 |   1436 |   3 |  655.3 |
               +--------+--------+--------+--------+--------+-----+--------+

Top non-repeatable levels by time:
     D:1: 1280 daAuts
     D:2: 683 daAuts
     D:3: 2 daAuts

Table legend:
 A = Non-vault XP
 B = Vault XP
 C = Vault XP percentage of total XP
 D = Non-vault monster count
 E = Vault monster count
 F = Vault count percentage of total count
                 A         B        C        D         E       F
            +---------+---------+-------+---------+---------+-------
      Total |     103 |       0 |   0.0 |      41 |       0 |   0.0
            +---------+---------+-------+---------+---------+-------
        D:1 |      36 |       0 |   0.0 |      22 |       0 |   0.0
        D:2 |      67 |       0 |   0.0 |      19 |       0 |   0.0
            +---------+---------+-------+---------+---------+-------
